 Dungeon Crawl Stone Soup version 0.21.0-3-g78d12a8 (webtiles) character file.

110 letownia2 the Magician (level 4, -1/21 HPs)
             Began as a Vine Stalker Wizard on Jan 13, 2018.
             Killed by divine providence
             ... invoked by an orc priest
              (13 damage)
             ... on level 5 of the Dungeon.
             The game lasted 00:05:01 (1946 turns).

letownia2 the Magician (Vine Stalker Wizard)        Turns: 1946, Time: 00:05:02

Health: -1/21      AC:  6    Str: 10    XL:     4   Next: 91%
Magic:  0/9        EV: 10    Int: 18    God:
Gold:   52         SH:  0    Dex: 13    Spells: 2/9 levels left

rFire    . . .     SeeInvis .   e - +0 dagger
rCold    . . .     Gourm    .   (no shield)
rNeg     . . .     Faith    .   f - +0 ring mail (curse)
rPois    .         Spirit   +   b - +0 hat
rElec    .         Reflect  .   (no cloak)
rCorr    .         Harm     .   m - +0 pair of gloves
MR       .....                  (no boots)
Stlth    ++........             (no amulet)
HPRegen  0.47/turn              (no ring)
MPRegen  0.11/turn              (no ring)

@: very slightly contaminated
A: fangs 2, regeneration 1, magic shield, antimagic bite, no potion heal 3, rot
immunity
a: no special abilities


You were on level 5 of the Dungeon.
You were very hungry.

You visited 1 branch of the dungeon, and saw 5 of its levels.
You also visited: Sewer.

You collected 52 gold pieces.

Inventory:

Hand Weapons
 e - a +0 dagger (weapon)
Armour
 a - a +0 robe
 b - a +0 hat (worn)
 f - a cursed +0 ring mail (worn)
 m - a +0 pair of gloves (worn)
Scrolls
 h - a scroll of noise {unknown}
 i - 2 scrolls of fear
 j - a scroll of immolation {unknown}
 k - a scroll of enchant armour {unknown}
 l - a scroll of identify {unknown}
Potions
 g - a potion of lignification {unknown}
 n - 2 potions of flight {unknown}
 o - a potion of curing {unknown}
 p - a potion of heal wounds {unknown}
Books
 c - a book of Minor Magic

   Spells                             Type                      Level
   a - Magic Dart                     Conjuration                  1
   b - Blink                          Translocation                2
   c - Call Imp                       Summoning                    2
   d - Slow                           Hexes                        2
   e - Conjure Flame                  Conjuration/Fire             3
   f - Mephitic Cloud                 Conjuration/Poison/Air       3
Comestibles
 d - 2 rations


   Skills:
 + Level 1.0 Armour
 - Level 1.5 Dodging
 - Level 3.2 Stealth
 - Level 3.2 Spellcasting
 - Level 3.0 Conjurations
   Level 1.0 Summonings
   Level 1.0 Translocations
 + Level 0.1 Fire Magic
 + Level 1.4 Air Magic
 + Level 1.3 Poison Magic


You had 2 spell levels left.
You knew the following spells:

 Your Spells              Type           Power        Failure   Level  Hunger
a - Magic Dart            Conj           ##..         12%         1    None
c - Conjure Flame         Conj/Fire      #.......     54%         3    ###....
e - Mephitic Cloud        Conj/Pois/Air  #.......     47%         3    ###....


Dungeon Overview and Level Annotations

Branches:
Dungeon (5/15)
 Temple: D:4-7

Altars:


Innate Abilities, Weirdness & Mutations

You have extremely sharp teeth.
Your natural rate of healing is unusually fast.
When hurt, damage is shared between your health and your magic reserves.
Your bite disrupts and absorbs the magic of your enemies.
Potions cannot restore your health.
You are immune to rotting.


Message History

The shadow imp closely misses you. The orc barely misses you.
You hit the orc but do no damage.
The orc is almost dead.
The orc hits you but does no damage. The shadow imp hits you.
The orc hits you but does no damage.
Unknown command.
You hit the orc.
You kill the orc!
You hear a splash.
The shadow imp hits you but does no damage.
The orc closely misses you.
Unknown command.
You hit the orc priest but do no damage.
The shadow imp hits you but does no damage.
The orc hits you with a dagger.
Unknown command.
The orc priest calls down the wrath of Beogh upon you.
Beogh smites you!
Ouch! That really hurt!
You die...

#...'##'.##....#
#...#≈≈#..#..>.####
#..##≈≈##.........##
....o.!.#≈≈÷≈#......##..##.
..o..o#.#≈o≈≈#.##...#......
......#.##o≈##.#..........#
..5o. #..#o5#........#..#..
#>### ..##o'##.##...##.####
# ..#≈@≈≈#.##.#.# .#
..######.#..#). .. #.....
.. ....## ##### .. .. #.
##. ##.. .... ....


You could see an orc priest, a shadow imp and 3 orcs.

Vanquished Creatures
  A big kobold (Sewer)
  An ooze (D:4)
  3 leopard geckos
  2 orcs
  9 jackals
  2 goblins
  7 kobolds
  A leopard gecko skeleton (D:5)
  4 rats (Sewer)
30 creatures vanquished.

Notes
Turn   | Place    | Note
-------+----------+-------------------------------------------
     0 | D:1      | letownia2 the Vine Stalker Wizard began the quest for the Orb.
     0 | D:1      | Reached XP level 1. HP: 9/9 MP: 5/5
   461 | D:3      | Reached XP level 2. HP: 12/13 MP: 1/7
  1318 | D:4      | Noticed an ogre
  1379 | D:5      | Entered Level 5 of the Dungeon
  1435 | D:5      | Reached XP level 3. HP: 15/16 MP: 5/8
  1485 | D:5      | Found a glowing drain.
  1501 | D:5      | Learned a level 3 spell: Mephitic Cloud
  1505 | D:5      | Learned a level 3 spell: Conjure Flame
  1518 | Sewer    | Entered a sewer
  1741 | Sewer    | Noticed a big kobold
  1791 | Sewer    | Killed a big kobold
  1791 | Sewer    | Reached skill level 1 in Armour
  1791 | Sewer    | Reached skill level 1 in Air Magic
  1791 | Sewer    | Reached skill level 1 in Poison Magic
  1791 | Sewer    | Gained mutation: Your natural rate of healing is unusually fast. [Vine Stalker growth]
  1791 | Sewer    | Reached XP level 4. HP: 1/21 MP: 0/9
  1896 | Sewer    | Found a white marble altar of Elyvilon.
  1946 | D:5      | Killed from afar by an orc priest

Skill      XL: |  1  2  3 |
---------------+----------+-----
Conjurations   | 2 3 |  3.0
Armour         | 1 |  1.0
Stealth        | 3 |  3.2
Air Magic      | 1 |  1.4
Poison Magic   | 1 |  1.3
Dodging        | |  1.5
Spellcasting   | |  3.2
Summonings     | |  1.0
Translocations | |  1.0
Fire Magic     | |  0.1

Action                   |  1- 3 |  4- 6 || total
-------------------------+-------+-------++-------
Melee: Unarmed           |     5 |       ||     5
       Dagger            |    46 |     4 ||    50
       Bite              |     6 |     1 ||     7
 Cast: Magic Dart        |    62 |    10 ||    72
       Mephitic Cloud    |       |     1 ||     1
  Use: Scroll            |       |     1 ||     1
  Eat: Chunk             |     2 |       ||     2
Armor: Robe              |     2 |       ||     2
       Ring mail         |    35 |     6 ||    41
Dodge: Dodged            |    41 |     5 ||    46
